 Dungeon Crawl Stone Soup version 0.24-a0-592-g9a1d66b0e3 (webtiles) character file.

Game seed: 11586081061725733813, levelgen mode: deterministic

137 BesKineva the Ruffian (level 5, -3/52 HPs)
             Began as a Troll Berserker on Sept 9, 2019.
             Was a Believer of Trog.
             Slain by Terence
             ... wielding a cursed -1 flail
              (6 damage)
             ... on level 3 of the Dungeon.
             The game lasted 00:15:40 (2646 turns).

BesKineva the Ruffian (Troll Berserker)             Turns: 2646, Time: 00:15:40

Health: -3/52      AC:  6    Str: 26    XL:     5   Next: 0%
Magic:  4/4        EV: 11    Int:  3    God:    Trog [**....]
Gold:   112        SH:  0    Dex:  9    Spells: 4/4 levels left

rFire    . . .     SeeInvis .   G - +1 whip (freeze)
rCold    . . .     Gourm    +   (no shield)
rNeg     . . .     Faith    .   a - +0 animal skin
rPois    .         Spirit   .   (helmet restricted)
rElec    .         Reflect  .   (no cloak)
rCorr    .         Harm     .   (gloves unavailable)
MR       .....                  (boots unavailable)
Stlth    +.........             (no amulet)
HPRegen  0.57/turn              (no ring)
MPRegen  0.09/turn              (no ring)

@: no status effects
A: large, unfitting armour, claws 3, fast metabolism 3, gourmand, regeneration
1, shaggy fur 1, tough skin 3
a: Berserk, Trog's Hand, Renounce Religion


You were on level 3 of the Dungeon.
You worshipped Trog.
Trog was pleased with you.
You were not hungry.

You visited 1 branch of the dungeon, and saw 3 of its levels.

You collected 112 gold pieces.

Inventory:

Hand Weapons
 f - a cursed -1 club
 g - a +0 club
 h - a +0 short sword
 i - a cursed -1 dagger
 k - a +0 club
 l - a +0 dagger
 m - a +0 hunting sling
 n - a +0 dagger
 r - a +0 spear
 s - a +0 short sword
 u - a +3 hunting sling
 v - a +0 club
 y - a +0 dagger
 A - a +0 whip
 D - a +0 dagger
 E - a +0 hunting sling
 G - a +1 whip of freezing (weapon)
 J - a +0 club
 L - a +0 dagger
 M - a +0 dagger
Missiles
 e - 44 arrows
 j - 69 stones (quivered)
 t - 10 poisoned darts
Armour
 a - a +0 animal skin (worn)
 q - a +0 helmet
 w - a +0 scale mail
 x - a +0 robe
 F - a +0 ring mail
Jewellery
 p - a cursed -5 ring of protection {unknown}
 C - an uncursed ring of stealth {unknown}
Scrolls
 o - a scroll of remove curse {unknown}
 z - 2 scrolls of identify {unknown}
 B - a scroll of fear {unknown}
 H - a scroll of random uselessness {unknown}
 I - a scroll of immolation {unknown}
 K - a scroll of teleportation {unknown}
Potions
 c - a potion of mutation {unknown}
 d - a potion of lignification {unknown}
Comestibles
 b - 3 rations


   Skills:
 + Level 2.9 Fighting
 + Level 3.5 Dodging
 + Level 0.1 Stealth
 + Level 4.2 Unarmed Combat


You had 4 spell levels left.
You didn't know any spells.
Your spell library was empty.

Dungeon Overview and Level Annotations

Branches:
Dungeon (3/15)

Altars:
Dithmenos

Annotations:
D:3 Terence


Innate Abilities, Weirdness & Mutations

You are too large for most types of armour.
You have claws for hands.
Your metabolism is lightning-fast.
You like to eat raw meat.
Your natural rate of healing is unusually fast.
You are covered in fur. (AC +1)
You have extremely tough skin. (AC +3)


Message History

You barely miss Terence.
Terence is heavily wounded.
Terence hits you with a cursed -1 flail!
You closely miss Terence.
Terence is heavily wounded.
Terence completely misses you.
Terence hits you with a cursed -1 flail.
* * * LOW HITPOINT WARNING * * *
You completely miss Terence.
Terence is heavily wounded.
Terence barely misses you.
You closely miss Terence.
Terence is heavily wounded.
Terence hits you with a cursed -1 flail.
* * * LOW HITPOINT WARNING * * *
Terence completely misses you.
Terence hits you with a cursed -1 flail.
* * * LOW HITPOINT WARNING * * *
Terence hits you with a cursed -1 flail.
You die...

#.# #.# ####.#
[.#####...<#
........#..#
#.#.###....# . #
#.# ##.#.#
....#.#.####.#.#
.........@†....#
...#####@###.###
#s# #.# #.# #.#
#)# #.# #.....#
..##### #.## #.


You could see Terence (berserk) and a giant cockroach.

Vanquished Creatures
  5 adders
  2 oozes (D:1)
  A worm (D:3)
  3 dart slugs
  3 leopard geckos
  An orc (D:3)
  17 bats
  4 giant cockroaches
  7 hobgoblins
  6 kobolds
  A quokka (D:2)
  A ball python (D:1)
  4 frilled lizards
  9 goblins
  8 rats
72 creatures vanquished.

Notes
Turn   | Place    | Note
-------+----------+-------------------------------------------
     0 | D:1      | BesKineva the Troll Berserker began the quest for the Orb.
     0 | D:1      | Reached XP level 1. HP: 22/22 MP: 0/0
   207 | D:1      | Reached XP level 2. HP: 28/29 MP: 1/1
   543 | D:1      | Reached XP level 3. HP: 34/36 MP: 2/2
   640 | D:1      | Reached ** piety under Trog
  1208 | D:2      | Reached XP level 4. HP: 19/44 MP: 3/3
  1398 | D:2      | Found a shadowy altar of Dithmenos.
  1615 | D:2      | Reached skill level 4 in Unarmed Combat
  1887 | D:1      | Paralysed by fainting for 10 turns
  2617 | D:3      | Reached XP level 5. HP: 44/52 MP: 4/4
  2626 | D:3      | Noticed Terence
  2645 | D:3      | HP: 2/52 [Terence/cursed -1 flail (5)]
  2646 | D:3      | Slain by Terence

Levels and vault maps discovered:
D:1:      lemuel_arrival_hallway, layout_basic
D:2:      layout_basic, chequers_serial_rivers_micro_e,
          chequers_serial_rivers_micro_c, nicolae_dithmenos_shadow_blocks
D:3:      layout_loops_ring, portal_sewer_entry_b, kennysheep_generic_room_14,
          uniq_terence

Skill      XL: |  1  2  3  4 |
---------------+-------------+-----
Dodging        | 3 |  3.5
Unarmed Combat | 4 |  4.2
Fighting       | |  2.9
Stealth        | |  0.1

Action                   |  1- 3 |  4- 6 || total
-------------------------+-------+-------++-------
Melee: Unarmed           |   105 |    60 ||   165
       Punch             |     3 |       ||     3
       Whip              |       |    65 ||    65
  Eat: Chunk             |     4 |     1 ||     5
       Ration            |     2 |     3 ||     5
Armor: Animal skin       |   124 |    87 ||   211
Dodge: Dodged            |   156 |   107 ||   263

Table legend:
 A = Non-vault XP
 B = Vault XP
 C = Vault XP percentage of total XP
 D = Non-vault monster count
 E = Vault monster count
 F = Vault count percentage of total count
                 A         B        C        D         E       F
            +---------+---------+-------+---------+---------+-------
      Total |     197 |       0 |   0.0 |      72 |       0 |   0.0
            +---------+---------+-------+---------+---------+-------
        D:1 |      70 |       0 |   0.0 |      33 |       0 |   0.0
        D:2 |     100 |       0 |   0.0 |      33 |       0 |   0.0
        D:3 |      27 |       0 |   0.0 |       6 |       0 |   0.0
            +---------+---------+-------+---------+---------+-------
